 Dungeon Crawl Stone Soup version 0.24.1-11-gbbbb2193e6 (webtiles) character file.

Game seed: 5107654629027006897, levelgen mode: deterministic

2192 Gabide the Carver (level 9, 0/65 HPs)
             Began as a Human Gladiator on May 15, 2020.
             Was an Elder of Zin.
             Slain by a gnoll
             ... wielding a +0 whip of freezing
              (1 damage)
             ... on level 7 of the Dungeon.
             The game lasted 00:23:35 (5637 turns).

Gabide the Carver (Human Gladiator)                 Turns: 5637, Time: 00:23:36

Health: 0/65       AC: 11    Str: 18    XL:     9   Next: 59%
Magic:  8/12       EV: 14    Int: 11    God:    Zin [****..]
Gold:   152        SH:  0    Dex: 18    Spells: 8/8 levels left

rFire    . . .     SeeInvis .   a - +2 long sword
rCold    . . .     Gourm    .   (no shield)
rNeg     . . .     Faith    .   l - +4 ring mail {rPois}
rPois    ∞         Spirit   .   c - +0 helmet
rElec    .         Reflect  .   (no cloak)
rCorr    .         Harm     .   (no gloves)
MR       .....                  (no boots)
Stlth    +.........             h - amulet of rage
HPRegen  0.20/turn              (no ring)
MPRegen  0.13/turn              (no ring)

@: vitalised, berserk cooldown, slowed, glowing, very slow
A: no striking features
a: Recite, Vitalisation, Imprison, Donate Gold, Renounce Religion, Evoke Berserk
Rage


You were on level 7 of the Dungeon.
You worshipped Zin.
Zin was greatly pleased with you.
You were hungry.

You visited 1 branch of the dungeon, and saw 6 of its levels.

You collected 416 gold pieces.
You spent 126 gold pieces at shops.
You donated 138 gold pieces to Zin.

Inventory:

Hand Weapons
 a - a +2 long sword (weapon)
Armour
 c - a +0 helmet (worn)
 l - a +4 ring mail of poison resistance (worn)
Jewellery
 h - an amulet of rage (around neck)
Scrolls
 b - 2 scrolls of remove curse
 d - a scroll of identify
 n - 2 scrolls of amnesia
Potions
 e - a potion of degeneration
 i - a potion of cancellation
 k - a potion of magic
 r - a potion of flight
 s - a potion of mutation {unknown}
Comestibles
 f - 9 rations


   Skills:
 + Level 3.7 Fighting
 * Level 8.7 Long Blades
 - Level 2.1 Throwing
 + Level 4.7 Armour
 + Level 4.8 Dodging
 - Level 1.0 Stealth
 * Level 4.3 Invocations
 - Level 2.8 Evocations


You had 8 spell levels left.
You didn't know any spells.
Your spell library was empty.

Dungeon Overview and Level Annotations

Branches:
Dungeon (7/15)
 Temple: D:4-7

Altars:
Fedhas
Vehumet
Xom
Zin
The Shining One

Shops:
D:5 =   D:6 [   D:7 *

Annotations:
D:7 Joseph


Message History

The gnoll sergeant hits you from afar with a +0 spear.
* * * LOW HITPOINT WARNING * * *
The gnoll sergeant barely misses you.
Things that are here:
a +0 spear; a +0 ring mail; a +0 buckler The gnoll sergeant hits you from afar with a +0 spear.
* * * LOW HITPOINT WARNING * * *
Items here: ( ) ? [ a +0 halberd; 13 poisoned darts; a +0 leather armour; a scroll of immolation
Okay, then.
It was a potion of degeneration.
There was something very wrong with that liquid.
Your divine stamina protects you from strength loss.
Your divine stamina protects you from intelligence loss.
Your divine stamina protects you from dexterity loss.
The gnoll hits you but does no damage.
The gnoll sergeant hits you but does no damage.
The gnoll hits you but does no damage.
The gnoll hits you with a +0 whip of freezing.
You die...

....# ......' .. .....#
##...g. . ......##....
#..§.§).# . #..§§.#
....##.§§§## .. .#...§§g§## ..
.........#§§§§##...
.....##...#§@gg§g...
......###...§§§....#. ....
##.........##.##.##..## .....
).......>.....#..##..## .....
..........#.....(.....##.....
..#......####......#.........
..# .......###.#####.........
.###........##.# ##...........
....##......##.###..#.....#..#


You could see a gnoll sergeant and 2 gnolls.

Vanquished Creatures
  A hippogriff (D:7)
  2 ice beasts
  A necrophage (D:6)
  A black bear (D:6)
  2 ogres (D:6)
  A crocodile (D:7)
  2 gnoll sergeants (D:7)
  4 bullfrogs
  4 crimson imps
  A bullfrog zombie (D:6)
  A quasit (D:5)
  A jelly (D:5)
  5 hounds
  An orc priest (D:6)
  2 bullfrog skeletons
  An orc wizard (D:6)
  4 worker ants
  A killer bee zombie (D:7)
  A hound zombie (D:6)
  11 adders
  20 gnolls
  A shadow imp (D:5)
  2 oozes (D:1)
  3 worms
  3 dart slugs
  A leopard gecko (D:2)
  5 orcs
  7 bats
  4 giant cockroaches
  5 goblins
  3 hobgoblins
  5 jackals
  2 quokkas (D:3)
  2 ball pythons
  3 frilled lizards
  5 kobolds
  A leopard gecko skeleton (D:7)
  4 rats
123 creatures vanquished.

Notes
Turn   | Place    | Note
-------+----------+-------------------------------------------
     0 | D:1      | Gabide the Human Gladiator began the quest for the Orb.
     0 | D:1      | Reached XP level 1. HP: 16/16 MP: 1/1
    76 | D:1      | Reached XP level 2. HP: 19/22 MP: 2/2
   109 | D:1      | Reached XP level 3. HP: 19/27 MP: 3/3
  1006 | D:2      | Reached skill level 1 in Stealth
  1006 | D:2      | Reached XP level 4. HP: 7/33 MP: 4/4
  1215 | D:2      | Reached skill level 4 in Long Blades
  1437 | D:2      | Found a glowing silver altar of Zin.
  1448 | D:2      | Became a worshipper of Zin the Law-Giver
  1467 | D:2      | Reached skill level 1 in Armour
  1467 | D:2      | Reached XP level 5. HP: 16/38 MP: 5/5
  1593 | D:2      | Reached * piety under Zin
  2101 | D:2      | Donated 62 gold pieces to Zin
  2148 | D:2      | Found a blossoming altar of Fedhas.
  2229 | D:3      | Found a radiant altar of Vehumet.
  2306 | D:3      | Reached ** piety under Zin
  2333 | D:3      | Reached skill level 5 in Long Blades
  2430 | D:3      | Reached XP level 6. HP: 33/45 MP: 6/6
  2712 | D:3      | You fall into a shaft and drop 2 floors!
  2712 | D:5      | Entered Level 5 of the Dungeon
  2727 | D:5      | Reached skill level 1 in Evocations
  2905 | D:5      | Found Pometaakk's Jewellery Boutique.
  3224 | D:5      | Noticed an ice beast
  3235 | D:5      | Killed an ice beast
  3235 | D:5      | Reached XP level 7. HP: 51/51 MP: 8/8
  3242 | D:5      | Reached *** piety under Zin
  3452 | D:6      | Reached skill level 6 in Long Blades
  3452 | D:6      | Reached skill level 1 in Invocations
  3454 | D:6      | Found Wiuho's Antique Armour Shoppe.
  3480 | D:6      | Bought a glowing ring mail for 126 gold pieces
  3954 | D:6      | Reached XP level 8. HP: 31/57 MP: 6/9
  3955 | D:6      | Donated 35 gold pieces to Zin
  4199 | D:6      | Reached skill level 7 in Long Blades
  4659 | D:6      | Found a shimmering altar of Xom.
  4685 | D:6      | Found a glowing golden altar of the Shining One.
  4968 | D:7      | Noticed a hippogriff
  4984 | D:7      | Reached XP level 9. HP: 48/64 MP: 11/11
  4992 | D:7      | Killed a hippogriff
  4992 | D:7      | Reached skill level 8 in Long Blades
  5479 | D:7      | Reached **** piety under Zin
  5523 | D:7      | Noticed Joseph
  5558 | D:7      | Found Celac's Assorted Antiques.
  5619 | D:7      | Noticed a hippogriff
  5633 | D:7      | HP: 3/65 [gnoll sergeant/+0 spear (2)]
  5636 | D:7      | HP: 1/65 [gnoll sergeant/+0 spear (3)]
  5637 | D:7      | Slain by a gnoll

Levels and vault maps discovered:
D:1:      noname_arrival_rooms_in_the_neighbourhood, layout_loops_ring,
          corexii_leaking_fountain
D:2:      layout_basic, fedhas_altar_2, zin_academy
D:3:      layout_rooms, vehumet_crystals, first_ration, kennysheep_nub
D:5:      layout_rooms, serial_shops, shop
D:6:      layout_basic, tso_altar, kennysheep_mini, serial_shops,
          nicolae_shop_window_shopping
D:7:      layout_cave_pools, serial_gnoll_camp, gnoll_camp_mini_hut,
          gnoll_camp_huts_basic, gnoll_camp_mini_loothouse,
          gnoll_camp_mini_house, gnoll_camp_mini_hut, gnoll_camp_mini_shop,
          uniq_joseph

Skill      XL: |  1  2  3  4  5  6  7  8  9 |
---------------+----------------------------+-----
Stealth        | 1 |  1.0
Long Blades    | 4 5 6 7 8 |  8.7
Armour         | 1 2 3 4 |  4.7
Evocations     | 1 2 |  2.8
Invocations    | 1 3 4 |  4.3
Dodging        | 4 |  4.8
Fighting       | 3 |  3.7
Throwing       | |  2.1

Action                   |  1- 3 |  4- 6 |  7- 9 || total
-------------------------+-------+-------+-------++-------
Melee: Long sword        |    89 |   156 |   239 ||   484
Throw: Throwing net      |     3 |     6 |       ||     9
Invok: Recite            |       |     3 |    15 ||    18
       Donate Gold       |       |     1 |     1 ||     2
       Vitalisation      |       |     1 |     3 ||     4
       Imprison          |       |       |     1 ||     1
 Abil: Evoke Berserk Rag |       |       |     6 ||     6
  Use: Scroll            |     5 |     8 |    11 ||    24
       Potion            |     1 |     1 |     5 ||     7
 Stab: Sleeping          |     2 |       |       ||     2
       Held in net/web   |       |     2 |       ||     2
       Confused          |       |       |     3 ||     3
  Eat: Chunk             |       |     4 |     3 ||     7
       Ration            |       |     1 |     3 ||     4
Armor: Leather armour    |    27 |    10 |       ||    37
       Ring mail         |       |    26 |   139 ||   165
Dodge: Dodged            |    85 |   109 |   210 ||   404
       Rpst.: Long sword |    22 |    28 |    55 ||   105
